 Dungeon Crawl Stone Soup version 0.31-a0-968-g24f9ace8b5 (webtiles) character file.

Game seed: 9435091158992521215

359 Armakuni the Caller (level 6, -12/41 HPs)
             Began as a Human Summoner on Oct 27, 2023.
             Killed from afar by an acid dragon (37 damage)
             ... with a splash of acid
             ... on level 5 of the Dungeon.
             The game lasted 00:09:32 (4005 turns).

Armakuni the Caller (Human Summoner)                Turns: 4005, Time: 00:09:32

Health: -12/41     AC:  4    Str: 10    XL:     6   Next: 97%
Magic:  8/18       EV: 11    Int: 15    God:
Gold:   186        SH:  0    Dex: 14    Spells: 3/9 levels left

rFire   . . .        a - +2 whip (holy)
rCold   . . .        (no shield)
rNeg    . . .        e - +0 leather armour {rPois}
rPois   +            (no helmet)
rElec   .            s - scarf {repulsion}
rCorr   .            o - +0 pair of gloves
SInv    .            (no boots)
Will    .....        R - amulet of regeneration
Stlth   ++           P - ring of magical power
HPRegen 1.06/turn    (no ring)
MPRegen 0.16/turn

%: repel missiles
@: no status effects
A: no striking features
a: no special abilities


You were on level 5 of the Dungeon.
You visited 1 branch of the dungeon, and saw 5 of its levels.

You collected 278 gold pieces.
You spent 92 gold pieces at shops.

Inventory:

Hand Weapons
 a - a +2 whip of holy wrath (weapon)
 b - a +0 spear
 r - a +0 quarterstaff
Armour
 e - a +0 leather armour of poison resistance (worn)
 o - a +0 pair of gloves (worn)
 s - a scarf of repulsion (worn)
Jewellery
 P - a ring of magical power (left hand)
 R - an amulet of regeneration (around neck)
Scrolls
 d - 2 scrolls of fog
 l - a scroll of identify
 m - a scroll of blinking
 n - a scroll of noise {unknown}
 p - a scroll of teleportation {unknown}
 q - a scroll of acquirement {unknown}
Potions
 c - 2 potions of magic
 f - a potion of lignification
 g - 2 potions of curing
 h - a potion of brilliance
 i - 3 potions of attraction {unknown}
 j - 2 potions of might {unknown}
 k - 2 potions of invisibility {unknown}
 t - a potion of heal wounds {unknown}


   Skills:
 - Level 2.0 Dodging
 - Level 2.0 Stealth
 - Level 2.0 Spellcasting
 + Level 7.8 Summonings


You had 3 spell levels left.
You knew the following spells:

 Your Spells              Type           Power      Damage    Failure   Level
a - Summon Small Mammal   Summ           96%        N/A       1%          1
i - Call Imp              Summ           48%        N/A       1%          2
k - Call Canine Familiar  Summ           24%        N/A       3%          3

Your spell library contained the following spells:

 Spells                   Type           Power      Damage    Failure   Level
 Summon Guardian Golem    Hex/Summ       13%        N/A       19%         3
 Kiss of Death            Conj/Necr      4%         2d5       30%         1
 Sandblast                Erth           2%         2d4       30%         1
 Shock                    Conj/Air       4%         1d3       30%         1
 Lesser Beckoning         Tloc           2%         N/A       41%         2
 Passwall                 Tmut/Erth      0%         N/A       41%         2
 Confusing Touch          Hex            1%         N/A       65%         3
 Dazzling Flash           Conj/Hex       2%         N/A       65%         3
 Gell's Gravitas          Tloc           1%         N/A       65%         3
 Stone Arrow              Conj/Erth      2%         3d7       65%         3
 Swiftness                Air            1%         N/A       65%         3
 Teleport Other           Tloc           1%         N/A       65%         3
 Volatile Blastmotes      Fire/Tloc      2%         2d10      65%         3
 Summon Lightning Spire   Summ/Air       13%        N/A       52%         4
 Airstrike                Air            0%         2d(1-17)  96%         4
 Brom's Barrelling Bould  Conj/Erth      1%         2d3       96%         4
 Dispel Undead            Necr           1%         3d6       96%         4
 Starburst                Conj/Fire      0%         6d3       100%        6
 Maxwell's Capacitive Co  Air            0%         ∞         100%        8


Dungeon Overview and Level Annotations

Branches:
Dungeon (5/15)
 Temple: D:4-7

Altars:

Shops:
D:2 *


Message History

Your hound barely misses the acid dragon.
The acid dragon spits acid at you. The splash of acid hits your hound!
Your hound bites the acid dragon but does no damage.
Your cerulean imp closely misses the acid dragon.
The acid dragon spits acid at your hound.
The splash of acid hits your hound!! The acid corrodes your hound!
Your hound dies!
Your hound's corpse disappears in a puff of smoke!
Casting: Call Imp (safe; 1% risk of failure)
Confirm with . or Enter, or press ? or * to list all spells.
The acid dragon roars!
Your cerulean imp hits the acid dragon with a -2 spear.
Your cerulean imp hits the acid dragon but does no damage.
The acid dragon attacks as it pursues you!
The acid dragon bites you. The acid dragon claws you.
You swap places.
Your hound barely misses the acid dragon.
Your hound bites the acid dragon.
The acid dragon closely misses you. The acid dragon claws you.
Your cerulean imp barely misses the acid dragon.
You hit the acid dragon.
The acid dragon is moderately wounded.
Your hound bites the acid dragon.
Your cerulean imp hits the acid dragon but does no damage.
The acid dragon closely misses you. x2
You whack the acid dragon!
The acid dragon is heavily wounded.
Your hound bites the acid dragon but does no damage.
Your hound barely misses the acid dragon.
Your cerulean imp hits the acid dragon but does no damage.
The acid dragon bites you! The acid dragon barely misses you.
You hit the acid dragon.
The acid dragon is severely wounded.
Your hound bites the acid dragon but does no damage.
Your cerulean imp hits the acid dragon but does no damage.
The acid dragon spits acid at you. The splash of acid hits you!!!
Ouch! That really hurt!
You die...

.......#.#..#.#
.....##.....#.#
#.######.##....#
#.##(..#####
#....##....+
#.#####.#### ....
#..........#......##
###.#.#..#.#........
#h@....#.#......#
########D#.#..#.#.....#
.......#......#.#.....#
..D..!..5######.#....#
.......#.# #.######
########.# #.....# #.#
#####.### ..# #.#.####
.## #.#.....


You could see an acid dragon (catching breath, ally target), a friendly hound
(summoned) and a friendly cerulean imp (summoned).

Vanquished Creatures
  2 iguanas
  3 adders
  A gnoll (D:4)
  4 worms
  3 dart slugs
  3 orcs (D:4)
  4 bats
  7 endoplasms
  5 goblins
  9 hobgoblins
  A jackal (D:3)
  5 quokkas
  7 ball pythons
  3 frilled lizards
  5 kobolds
  7 rats
69 creatures vanquished.

Vanquished Creatures (collateral kills)
  An ogre (D:4)
  A jelly (D:4)
  An iguana (D:5)
  A gnoll (D:1)
  A worm (D:2)
  3 orcs (D:4)
  2 ball pythons
  4 endoplasms
  2 giant cockroaches
  A goblin (D:2)
  2 hobgoblins
  A jackal (D:3)
  4 bats
  A frilled lizard (D:2)
25 creatures vanquished.

Grand Total: 94 creatures vanquished

Notes
Turn   | Place    | Note
-------+----------+-------------------------------------------
     0 | D:1      | Armakuni the Human Summoner began the quest for the Orb.
     0 | D:1      | Reached XP level 1. HP: 13/13 MP: 3/3
   301 | D:1      | Reached XP level 2. HP: 18/19 MP: 3/5
   331 | D:1      | Found a faded altar of an unknown god.
   379 | D:1      | Learned a level 2 spell: Call Imp
   898 | D:1      | Reached skill level 5 in Summonings
   898 | D:1      | Reached XP level 3. HP: 24/24 MP: 3/6
  1296 | D:2      | Reached XP level 4. HP: 30/30 MP: 4/7
  1544 | D:2      | Learned a level 3 spell: Call Canine Familiar
  1848 | D:2      | Found Forhi's Assorted Antiques.
  1852 | D:2      | Bought a clear potion for 23 gold pieces
  1852 | D:2      | Bought a dark potion for 23 gold pieces
  1852 | D:2      | Bought a brown potion for 23 gold pieces
  1852 | D:2      | Bought a ruby potion for 23 gold pieces
  2197 | D:3      | Reached XP level 5. HP: 35/35 MP: 8/8
  2252 | D:3      | Reached skill level 6 in Summonings
  3130 | D:4      | Reached XP level 6. HP: 41/41 MP: 9/9
  3269 | D:4      | Noticed an ogre
  3286 | D:4      | Killed an ogre
  3287 | D:4      | Reached skill level 7 in Summonings
  3815 | D:5      | Entered Level 5 of the Dungeon
  3984 | D:5      | Noticed an acid dragon
  4005 | D:5      | Killed from afar by an acid dragon

Illustrated notes

Levels and vault maps discovered:
D:1:      dpeg_arrival_chambers_temple_mockup, layout_basic,
          ebering_ecumenical_altar_mist
D:2:      layout_loops_ring, serial_shops, nicolae_shop_stone
D:3:      layout_basic
D:4:      minmay_thinvault, layout_loops_ring
D:5:      layout_basic, serial_co_window_serial, co_window_paths_b,
          co_window_corner_a, co_window_corner_a, co_window_cross_1,
          co_window_paths_a, co_window_corner_a, co_window_paths_b,
          co_window_broadway_b, co_window_corner_b, co_window_2corner,
          co_window_sun, glass_columns_a, glass_columns_b, glass_columns_a

Skill      XL: |  1  2  3  4  5  6 |
---------------+-------------------+-----
Summonings     | 5 6 7 |  7.8
Dodging        | |  2.0
Stealth        | |  2.0
Spellcasting   | |  2.0

Action                     |  1- 3 |  4- 6 || total
---------------------------+-------+-------++-------
  Melee: Spear             |    69 |   185 ||   254
         Punch             |       |     1 ||     1
         Whip              |       |    19 ||    19
         Quarterstaff      |       |     3 ||     3
   Cast: Summon Small Mamm |     5 |       ||     5
         Call Imp          |     6 |    27 ||    33
         Call Canine Famil |       |    10 ||    10
    Use: Scroll            |     2 |     5 ||     7
   Stab: Sleeping          |     7 |     6 ||    13
         Distracted        |       |     1 ||     1
 Armour: Robe              |    23 |     9 ||    32
         Leather armour    |       |    87 ||    87
  Dodge: Dodged            |    29 |    86 ||   115

Table legend: (Time is in decaauts)
 A = Elapsed time spent in this place.
 B = Non-inter-level travel time spent in this place.
 C = Inter-level travel time spent in this place.
 D = Time resting spent in this place.
 E = Time spent auto-exploring this place.
 F = Levels seen in this place.
 G = Mean time per level.
                   A        B        C        D        E       F      G
               +--------+--------+--------+--------+--------+-----+--------+
         Total |   4031 |   3931 |    100 |      5 |   2926 |   5 |  806.2 |
       Dungeon |   4031 |   3931 |    100 |      5 |   2926 |   5 |  806.2 |
               +--------+--------+--------+--------+--------+-----+--------+

Top non-repeatable levels by time:
     D:4: 1175 daAuts
     D:1: 1108 daAuts
     D:2: 857 daAuts
     D:3: 698 daAuts
     D:5: 191 daAuts
